 Dungeon Crawl Stone Soup version 0.28.0-47-ge53b351184 (webtiles) character file.

Game seed: 5911815821828369432

6838 101zpm the Thaumaturge (level 11, -20/66 HPs)
             Began as a Djinni Fire Elementalist on Apr 30, 2022.
             Was a High Priest of Cheibriados.
             Demolished by a two-headed ogre
             ... wielding a +0 giant spiked club
              (31 damage)
             ... on level 9 of the Dungeon.
             The game lasted 00:41:38 (11799 turns).

101zpm the Thaumaturge (Djinni Fire Elementalist)  Turns: 11799, Time: 00:41:39

Health: -20/66     AC: 11    Str: 25    XL:     11   Next: 26%
Gold:   338        EV: 13    Int: 38    God:    Cheibriados [*****.] SH:  0 Dex: 27

rFire   + + .      SeeInvis .   H - +5 whip of the Heavens {freeze, *Slow rElec rPois Int+6}
rCold   . . .      Faith    .   B - orb {light}
rNeg    . . .      Spirit   .   P - +2 scale mail {rC+}
rPois   ∞          Reflect  .   g - +2 hat
rElec   +          Harm     .   (no cloak)
rCorr   .          Rampage  .   K - +0 pair of gloves
Will    +....                   (boots unavailable)
Stlth   +.........              z - amulet of regeneration
HPRegen 1.01/turn               I - +6 ring of strength
MPRegen 0.00/turn               (no ring)

@: freezing walls, flying, glowing, very slow
A: sickness immunity, fire resistance 2, cold vulnerability 1, float, innate
caster, HP casting, extra vitality 1
a: Renounce Religion, Bend Time, Temporal Distortion, Slouch, Step From Time


You were on level 9 of the Dungeon.
You worshipped Cheibriados.
Cheibriados was extremely pleased with you.
You visited 1 branch of the dungeon, and saw 10 of its levels.

You collected 488 gold pieces.
You spent 150 gold pieces at shops.

Inventory:

Hand Weapons
 o - the +8 hunting sling of Dishonour {vorpal, rElec rPois rCorr}
   (You found it on level 4 of the Dungeon)

   Any ammunition fired from it inflicts extra damage upon your enemies.
   rElec:     It insulates you from electricity.
   rPois:     It protects you from poison.
   rCorr:     It protects you from acid and corrosion.
 r - a +4 scythe of freezing
 E - a +2 whip of flaming
 H - the +5 whip of the Heavens (weapon) {freeze, *Slow rElec rPois Int+6}
   (You bought it in a shop on level 3 of the Dungeon)

   It freezes those it strikes, dealing additional cold damage.
   It can also slow down cold-blooded creatures.
   Int:       It affects your intelligence (+6).
   rElec:     It insulates you from electricity.
   rPois:     It protects you from poison.
   *Slow:     It may slow you when you take damage.
Missiles
 i - 10 boomerangs
 p - 92 stones
 q - 105 sling bullets
Armour
 g - a +2 hat (worn)
 B - an orb of light (worn)
 K - a +0 pair of gloves (worn)
 P - a +2 scale mail of cold resistance (worn)
Magical Staves
 h - a staff of conjuration
Jewellery
 x - an amulet of faith
 z - an amulet of regeneration (around neck)
 I - a +6 ring of strength (left hand)
Wands
 j - a wand of iceblast (5)
 N - a wand of charming (5)
Scrolls
 c - 2 scrolls of enchant armour
 k - a scroll of vulnerability
 m - a scroll of fear
 s - 4 scrolls of immolation
 t - a scroll of brand weapon {unknown}
 w - 2 scrolls of enchant weapon {unknown}
 y - 2 scrolls of acquirement {unknown}
 D - a scroll of noise {unknown}
 F - a scroll of summoning {unknown}
 J - a scroll of amnesia {unknown}
 L - a scroll of magic mapping {unknown}
Potions
 b - a potion of brilliance {unknown}
 d - 2 potions of haste {unknown}
 e - a potion of curing
 f - 4 potions of heal wounds {unknown}
 l - 3 potions of might {unknown}
 n - 5 potions of flight
 v - 2 potions of cancellation {unknown}
 A - a potion of degeneration {unknown}
 C - a potion of attraction {unknown}
 M - a potion of lignification {unknown}
 O - a potion of resistance {unknown}


   Skills:
 + Level 0.7 Fighting
 + Level 1.0 Slings
 + Level 3.7 Dodging
 + Level 5.2 Stealth
 + Level 0.1 Unarmed Combat
 + Level 12.0 Spellcasting


You had 7 spell levels left.
You knew the following spells:

 Your Spells              Type           Power      Damage    Failure   Level
a - Foxfire               Conj/Fire      100%       2x1d9     1%          1
b - Scorch                Fire           100%       2d10      1%          2
c - Conjure Flame         Conj/Fire      85%        6-21      1%          3
d - Inner Flame           Hex/Fire       85%        N/A       1%          3
e - Flame Wave            Conj/Fire      85%        2d15      1%          4
f - Slow                  Hex            100%       N/A       1%          1
g - Poisonous Vapours     Pois/Air       100%       N/A       1%          2
h - Frozen Ramparts       Ice            100%       1d12      1%          3
i - Stone Arrow           Conj/Erth      100%       3d13      1%          3
j - Irradiate             Conj/Tmut      42%        3d28      1%          5
Your spell library was empty.

Dungeon Overview and Level Annotations

Branches:
Dungeon (10/15)            Temple (0/1) D:7
   Lair: D:8-11         Orc: D:9-12

Altars:
Ashenzari
Cheibriados
Elyvilon
Hepliaklqana
Vehumet

Shops:
D:3 (   D:4 (   D:7 (

Annotations:
D:10 Sonja


Innate Abilities, Weirdness & Mutations

You are immune to sickness and miasma.
You are immune to poison.
Your flesh is very heat resistant. (rF++)
You are vulnerable to cold. (rC-)
You float through the air rather than walking.
You learn spells naturally, not from books.
Your magical power is your life essence.
You have superior vitality. (+4 MHP)


Message History

The walls around you are covered in ice.
The wall freezes the two-headed ogre!
The two-headed ogre hits you with a +0 giant spiked club!
The two-headed ogre hits you with a +0 giant spiked club.
You are too injured to fight recklessly!
Casting: Foxfire (safe; 1% risk of failure)
Press: ? - help, Q - select action, (/) - cycle Dir - look around, f - activate You conjure some foxfire!
* * * LOW HITPOINT WARNING * * *
The wall freezes the two-headed ogre.
The two-headed ogre barely misses you. The two-headed ogre closely misses you.
Casting: Foxfire (safe; 1% risk of failure)
Press: ? - help, Q - select action, (/) - cycle Dir - look around, f - activate You conjure some foxfire!
* * * LOW HITPOINT WARNING * * *
The foxfire hits the two-headed ogre.
The two-headed ogre is moderately wounded.
The wall freezes the two-headed ogre.
The two-headed ogre hits you with a +0 giant spiked club!!
* * * LOW HITPOINT WARNING * * *
The two-headed ogre barely misses you.
Unknown command.
You feel better.
The foxfire hits the two-headed ogre.
The two-headed ogre is moderately wounded.
The foxfire hits the two-headed ogre but does no damage.
The two-headed ogre is moderately wounded.
The foxfire hits the two-headed ogre.
The two-headed ogre is moderately wounded.
As you read the scroll of fear, it crumbles to dust.
You assume a fearsome visage.
The two-headed ogre looks frightened!
The wall freezes the two-headed ogre.
Your attack snaps the two-headed ogre out of its fear.
The two-headed ogre hits you but does no damage.
The two-headed ogre misses you.
As you read the scroll of fear, it crumbles to dust.
You assume a fearsome visage.
The two-headed ogre looks frightened!
The wall freezes the two-headed ogre.
Your attack snaps the two-headed ogre out of its fear.
The two-headed ogre hits you with a +0 giant spiked club!!
You die...

#.###.###.##.#.######.#
......##...#.#.# #.#
#.###.#......#.######.#
#.##...............##.#
#............#.###.##.#
####...#...#.#.# #.##.#
##........#.###.##.#
#.########.O......# #.#
###..@#.#### ##'##
#.......# ##...##
#.......# ##.....##
#....)..#
##.......#####...###
#.........####...##
'.........+.......#
#.........####...#####
##.......## #........#


You could see a two-headed ogre.

Vanquished Creatures
  3 two-headed ogres
  Pikel (D:7)
  Maggie (D:9)
  Grinder (D:6)
  A wraith (D:7)
  A wyvern (D:9)
  3 yaks (D:8)
  Sigmund (D:2)
  Menkaure (D:6)
  A water moccasin (D:7)
  An ice beast (D:7)
  4 orc warriors
  2 sky beasts
  A hornet zombie (D:6)
  A centaur (D:8)
  2 ogres
  A phantom (D:6)
  A lemure (D:7)
  Blork the orc (D:6)
  A kobold brigand (D:7)
  4 bullfrogs
  A gnoll sergeant (D:9)
  A scorpion (D:4)
  6 killer bees (D:9)
  8 wights (D:8)
  2 bullfrog zombies
  A centaur zombie (D:9)
  10 orc priests
  5 iguanas
  4 orc wizards
  A killer bee zombie (D:7)
  A howler monkey zombie (D:9)
  Robin (D:2)
  9 gnolls
  7 adders
  A shadow imp (D:7)
  2 white imps (D:6)
  2 ufetubi
  3 worms
  A dart slug (D:1)
  27 orcs
  9 endoplasms
  3 giant cockroaches
  17 goblins
  6 hobgoblins
  7 ball pythons
  5 bats
  2 frilled lizards (D:1)
  9 kobolds
  8 rats
  6 bushes (D:2)
198 creatures vanquished.

Vanquished Creatures (collateral kills)
  23 foxfires (D:2)
23 creatures vanquished.

Vanquished Creatures (others)
  641 foxfires
  7 plants (D:2)
648 creatures vanquished.

Grand Total: 869 creatures vanquished

Notes
Turn   | Place    | Note
-------+----------+-------------------------------------------
     0 | D:1      | 101zpm the Djinni Fire Elementalist began the quest for the
                  | Orb.
     0 | D:1      | Reached XP level 1. HP: 15/15 MP: 0/0
   296 | D:2      | Reached XP level 2. HP: 16/21 MP: 0/0
   738 | D:3      | Reached skill level 3 in Spellcasting
   738 | D:3      | Reached XP level 3. HP: 13/25 MP: 0/0
   738 | D:3      | Learned a level 1 spell: Slow
  1191 | D:3      | Found Winatim's Antique Weapon Shoppe.
  1281 | D:3      | Reached XP level 4. HP: 26/31 MP: 0/0
  1805 | D:3      | Noticed a sky beast
  1811 | D:3      | Killed a sky beast
  1812 | D:3      | Reached skill level 4 in Spellcasting
  1812 | D:3      | Reached XP level 5. HP: 2/35 MP: 0/0
  1812 | D:3      | Learned a level 2 spell: Poisonous Vapours
  2191 | D:4      | Reached XP level 6. HP: 20/40 MP: 0/0
  3430 | D:4      | Found Ojouhica's Antique Weapon Emporium.
  3617 | D:4      | Found a snail-covered altar of Cheibriados.
  3617 | D:4      | Found a hazy altar of Hepliaklqana.
  3755 | D:4      | Identified the +8 hunting sling of Dishonour {vorpal, rElec
                  | rPois rCorr}
  3824 | D:4      | Became a worshipper of Cheibriados the Contemplative
  4156 | D:2      | Noticed Sigmund
  4160 | D:2      | Killed Sigmund
  4161 | D:2      | Reached skill level 5 in Spellcasting
  4161 | D:2      | Reached XP level 7. HP: 38/45 MP: 0/0
  4161 | D:2      | Learned a level 3 spell: Frozen Ramparts
  4345 | D:2      | Noticed Robin
  4348 | D:2      | Killed Robin
  5588 | D:5      | Entered Level 5 of the Dungeon
  5791 | D:5      | Reached * piety under Cheibriados
  6425 | D:5      | Reached skill level 6 in Spellcasting
  6425 | D:5      | Reached XP level 8. HP: 44/50 MP: 0/0
  7160 | D:6      | Noticed Blork the orc
  7163 | D:6      | Noticed Grinder
  7164 | D:6      | Killed Blork the orc
  7169 | D:6      | Noticed Menkaure
  7174 | D:6      | Killed Grinder
  7174 | D:6      | Killed Menkaure
  7175 | D:6      | Reached skill level 7 in Spellcasting
  7295 | D:6      | Reached XP level 9. HP: 53/55 MP: 0/0
  7295 | D:6      | Learned a level 3 spell: Stone Arrow
  7631 | D:6      | Reached ** piety under Cheibriados
  7632 | D:6      | Reached skill level 8 in Spellcasting
  7765 | D:6      | Found a broken altar of Ashenzari.
  8252 | D:7      | Found a staircase to the Ecumenical Temple.
  8366 | D:7      | Noticed Pikel
  8370 | D:7      | Reached skill level 9 in Spellcasting
  8372 | D:7      | Killed Pikel
  8379 | D:7      | Reached XP level 10. HP: 41/60 MP: 0/0
  8444 | D:7      | Reached *** piety under Cheibriados
  8505 | D:7      | Found Feweud's Weapon Boutique.
  9014 | D:1      | Found a faded altar of an unknown god.
  9396 | D:3      | Bought a bloodstained whip for 150 gold pieces
  9396 | D:3      | Identified the +5 whip of the Heavens {freeze, *Slow rElec
                  | rPois Int+6} (You bought it in a shop on level 3 of the
                  | Dungeon)
 10011 | D:8      | Reached **** piety under Cheibriados
 10041 | D:8      | Found a white marble altar of Elyvilon.
 10085 | D:8      | Noticed a two-headed ogre
 10092 | D:8      | Killed a two-headed ogre
 10093 | D:8      | Reached skill level 10 in Spellcasting
 10225 | D:8      | Reached skill level 1 in Slings
 10769 | D:9      | Reached skill level 11 in Spellcasting
 10942 | D:9      | Noticed a two-headed ogre
 10946 | D:9      | Killed a two-headed ogre
 10946 | D:9      | Reached ***** piety under Cheibriados
 10947 | D:9      | Reached XP level 11. HP: 62/66 MP: 0/0
 10947 | D:9      | Learned a level 5 spell: Irradiate
 11105 | D:9      | Noticed a two-headed ogre
 11110 | D:9      | Killed a two-headed ogre
 11153 | D:9      | Noticed Maggie
 11160 | D:9      | Killed Maggie
 11161 | D:9      | Reached skill level 5 in Stealth
 11498 | D:9      | Reached skill level 12 in Spellcasting
 11790 | D:10     | Entered Level 10 of the Dungeon
 11790 | D:10     | Noticed Sonja
 11790 | D:10     | Noticed a two-headed ogre
 11796 | D:9      | HP: 1/66 [two-headed ogre/+0 giant spiked club (19)]
 11799 | D:9      | Demolished by a two-headed ogre

Illustrated notes

Levels and vault maps discovered:
D:1:      saegor_arrival_simple_b, layout_rooms,
          hellmonk_ecumenical_altar_pennies_from_heaven, minmay_liquid_box
D:2:      layout_loops_ring, serial_forest, infiniplex_forest_clump_large,
          infiniplex_forest_split, infiniplex_forest_straight_1,
          infiniplex_forest_clump_C, infiniplex_forest_end_2,
          infiniplex_forest_clump_small, infiniplex_forest_clump_C,
          infiniplex_forest_straight_4, infiniplex_forest_clump_curved,
          uniq_robin, uniq_sigmund
D:3:      layout_rooms, serial_shops, shop, minmay_misc_feat_ornament,
          grunt_ministairs_11
D:4:      layout_layer_cave, gammafunk_temple_overflow_pools, serial_shops,
          nicolae_shop_overgrown_old_shop, minivault_19
D:5:      layout_layer_cave, mainiacjoe_overflow_concentric_impassable,
          chequers_serial_rivers_small_b, st_stairs_4, due_unseen_surprise
D:6:      layout_loops_cross, mainiacjoe_overflow_six_doors_small,
          uniq_menkaure, uniq_blork_the_orc, uniq_grinder
D:7:      layout_gridville, minmay_temple_entry_tees, serial_shops,
          nicolae_shop_behind_doors, uniq_pikel
D:8:      layout_cave_pods, overflow_temple_1_default,
          hangedman_abyss_or_decor_lesser_grid
D:9:      layout_loops_corners, uniq_maggie
D:10:     layout_rooms, mainiacjoe_overflow_tiny_flanked, lemuel_doored_altar,
          amethyst_overflow_temple_binary, erik_orc_1, uniq_sonja, uniq_psyche

Skill      XL: |  1  2  3  4  5  6  7  8  9 10 11 |
---------------+----------------------------------+-----
Spellcasting   | 3 4 5 6 7 9 11 12 | 12.0
Stealth        | 2 3 4 5 |  5.2
Dodging        | 3 |  3.7
Slings         | 1 |  1.0
Fighting       | |  0.7
Unarmed Combat | |  0.1

Action                   |  1- 3 |  4- 6 |  7- 9 | 10-12 || total
-------------------------+-------+-------+-------+-------++-------
Melee: Unarmed           |     3 |       |       |       ||     3
       Scythe            |       |       |    51 |       ||    51
 Fire: Hunting sling     |       |       |       |     8 ||     8
 Cast: Foxfire           |    69 |    43 |   152 |   121 ||   385
       Inner Flame       |       |    17 |    61 |    67 ||   145
       Scorch            |       |     2 |     6 |    10 ||    18
       Conjure Flame     |       |     1 |       |       ||     1
       Stone Arrow       |       |       |       |     3 ||     3
       Frozen Ramparts   |       |       |       |     3 ||     3
       Poisonous Vapours |       |       |       |     6 ||     6
Invok: Bend Time         |       |       |       |     1 ||     1
  Use: Scroll            |       |       |       |     7 ||     7
       Potion            |       |       |       |     1 ||     1
 Stab: Sleeping          |     1 |       |       |       ||     1
Armor: Robe              |     1 |       |     1 |       ||     2
       Animal skin       |       |       |     5 |     7 ||    12
       Scale mail        |       |       |       |     1 ||     1
Dodge: Dodged            |     3 |       |    11 |    28 ||    42
